 Dungeon Crawl Stone Soup version bcrawl-1.19.1 (webtiles) character file.

Game seed: 17344937804463718655

148 mahrnol the Conjurer (level 5, -3/28 HPs)
             Began as a Skeleton Conjurer on Dec 1, 2019.
             Slain by a worker ant (4 damage)
             ... on level 2 of the Dungeon.
             The game lasted 00:19:10 (2724 turns).

mahrnol the Conjurer (Skeleton Conjurer)            Turns: 2724, Time: 00:19:10

Health: -3/28      AC:  2    Str: 14 (15) XL:     5   Next: 8%
Magic:  0/11       EV: 12    Int: 14      God:
Gold:   60         SH:  0    Dex:  9      Spells: 5/12 levels left

rFire    . . .     SeeInvis .   h - +0 dagger
rCold    + . .     Gourm    +   (no shield)
rNeg     + + +     Faith    .   a - +0 robe
rPois    ∞         Spirit   +   (no helmet)
rElec    .         Reflect  .   (no cloak)
rCorr    .         Harm     .   (no gloves)
MR       .....                  (no boots)
Stlth    ++........             d - amulet of the gourmand
HPRegen  0.09/turn              (no ring)
MPRegen  0.12/turn              (no ring)

@: no status effects
A: no food or potions, cold resistance 1, deterioration 1, negative energy
resistance 3, torment resistance, unbreathing, magic shield, sturdy frame 1,
spell healing
a: no special abilities


You were on level 2 of the Dungeon.
You were not hungry.

You visited 1 branch of the dungeon, and saw 3 of its levels.

You collected 60 gold pieces.

Inventory:

Hand Weapons
 h - a +0 dagger (weapon)
Armour
 a - a +0 robe (worn)
Jewellery
 d - an amulet of the gourmand (around neck)
Wands
 i - a wand of acid (1)
Scrolls
 b - a scroll of immolation {unknown}
 c - a scroll of enchant weapon {unknown}
 e - a scroll of identify {unknown}
 f - a scroll of amnesia
 g - a scroll of fog {unknown}


   Skills:
 + Level 0.2 Fighting
 + Level 2.2 Dodging
 + Level 3.0 Stealth
 + Level 4.3 Spellcasting
 + Level 6.6 Conjurations
 + Level 0.1 Hexes


You had 5 spell levels left.
You knew the following spells:

 Your Spells              Type           Power        Failure   Level  Hunger
a - Magic Dart            Conj           ###.         1%          1    N/A
b - Searing Ray           Conj           ###...       1%          2    N/A
c - Fulminant Prism       Conj/Hex       ##........   41%         4    N/A

Your spell library contained the following spells:

 Spells                   Type           Power        Failure   Level  Hunger
 Iskenderun's Mystic Bla  Conj           ###.....     3%          3    N/A
 Irradiate                Conj/Tmut      ##........   78%         5    N/A

Dungeon Overview and Level Annotations

Branches:
Dungeon (3/12)

Altars:

Annotations:
D:1 exclusion: door


Innate Abilities, Weirdness & Mutations

You do not eat or drink.
You are immune to poison.
Your flesh is cold resistant. (rC+)
Your body sometimes deteriorates upon taking damage.
You are immune to negative energy. (rN+++)
You are immune to unholy pain and torment.
You can survive without breathing.
When hurt, damage is shared between your health and your magic reserves.
Your movements are slightly less encumbered by armour. (ER -2)
Casting spells heals you.


Message History

The magic dart hits the worker ant.
The worker ant is lightly wounded.
The worker ant closely misses you. The worker ant bites you.
* * * LOW HITPOINT WARNING * * *
Casting: Magic Dart (safe; 1% risk of failure)
Confirm with . or Enter, or press ? or * to list all spells.
Aiming: Magic Dart (safe; 1% risk of failure)
Press: ? - help, Shift-Dir - straight line, f/p - worker ant
Aim: a worker ant (lightly wounded)
The magic dart hits the worker ant.
The worker ant is lightly wounded.
The worker ant closely misses you.
You hit the worker ant.
The worker ant is heavily wounded.
The worker ant bites you!
* * * LOW HITPOINT WARNING * * *
Your body deteriorates!
You feel weakened. The worker ant bites you.
You die...

.....#....#.....#.........#
.....#..........#.........#
.....#........÷.#.........#
.....#........÷>##.......##
...............###.......#
..............####.......######
...#......#.#.#...............#
...#......#.....a.............#
..##.########.#.@.............#
..............<..#............#
..##.####........#............#
.......##.#......#............#
...............####.#.........#
..........(.....##<...........#
....................#.........#
.#..............#####.........#
........#+#.....# #.........#


You could see a worker ant.

Vanquished Creatures
  An orc priest (D:2)
  A hound skeleton (D:2)
  A gnoll (D:3)
  2 adders
  A shadow imp (D:2)
  An ooze (D:2)
  A worm (D:2)
  A dart slug (D:1)
  4 leopard geckos
  3 orcs (D:2)
  2 giant cockroaches
  7 goblins
  4 hobgoblins
  9 jackals (D:2)
  A quokka (D:2)
  2 bats
  3 frilled lizards
  A jackal zombie (D:3)
  5 kobolds
  3 rats
53 creatures vanquished.

Vanquished Creatures (others)
  A fulminant prism (D:2)
1 creature vanquished.

Grand Total: 54 creatures vanquished

Notes
Turn   | Place    | Note
-------+----------+-------------------------------------------
     0 | D:1      | mahrnol the Skeleton Conjurer began the quest for the Orb.
     0 | D:1      | Reached XP level 1. HP: 10/10 MP: 4/4
   132 | D:1      | Reached skill level 5 in Conjurations
   353 | D:1      | Reached XP level 2. HP: 15/15 MP: 3/6
   358 | D:1      | Learned a level 2 spell: Searing Ray
  1096 | D:2      | Reached XP level 3. HP: 19/19 MP: 1/7
  1170 | D:2      | Found a faded altar of an unknown god.
  1235 | D:2      | Reached skill level 6 in Conjurations
  1659 | D:2      | Reached XP level 4. HP: 24/24 MP: 3/9
  1667 | D:2      | Learned a level 4 spell: Fulminant Prism
  2644 | D:3      | Reached XP level 5. HP: 28/28 MP: 6/11
  2724 | D:2      | HP: 1/28 [worker ant (7)]
  2724 | D:2      | Slain by a worker ant

Skill      XL: |  1  2  3  4 |
---------------+-------------+-----
Conjurations   | 5 6 |  6.6
Stealth        | 3 |  3.0
Spellcasting   | 4 |  4.3
Fighting       | |  0.2
Dodging        | |  2.2
Hexes          | |  0.1

Action                   |  1- 3 |  4- 6 || total
-------------------------+-------+-------++-------
Melee: Dagger            |       |     5 ||     5
 Cast: Magic Dart        |    72 |    35 ||   107
       Searing Ray       |     2 |     6 ||     8
       Fulminant Prism   |       |     2 ||     2
  Use: Scroll            |       |     1 ||     1
Armor: Robe              |     1 |     2 ||     3
Dodge: Dodged            |     9 |    24 ||    33
